FIQ, neutral male gnomish Wizard --- --- ---- ---.-- --.---..| |....| ---- -- ----- |.......| |...-| |[.| |. ----------...| --......--- |....| ---- ---- |..-- |.- --.--..||.....| |........| --...-- |..| --..---...-- |.| |......||....-- --.....-..| --....| ---..| |........<.-- |.| |......|---..| |.........| |.....| |...-- |...........| |.| --.....| |.-- --.....(...| --....| ---.|.| |....--.^...| |.| |.)...| |.| |..........| ---....--|...|.| --..--|-...-| |.| |.|.--- |.| |....--....-- ---...|...--.--|.| --..---.....--|.| |.|-- |.| ----...--|.....-- --...----.|...| |*| |............||.| |.| |.| |......| ---....| |....------.--- |.--------..-------...--.| |[----- |.-----..h...-- --...-- --...........| |.........%.| ---......| |...|.-- |..f.Gd......G---...-|---.......------ ---..------.- |....--..-- ---....| |..------............--..........| |...--- |.. |...-||...| |....---.-- |................--..--...| --....| ---.--|-...||...| ---...|..| --.--.....>......|--------- ---..| |...|...----..| |.....-- ---|...|.......-- ---- -.....| ---- --.---- --.---.--.--- |..|.-- --- --- ------ ------ FIQ the Evoker Experience level: 1 Strength: 12 Dexterity: 15 Constitution: 11 Intelligence: 17 Wisdom: 9 Charisma: 10 Health: 0(13) Energy: 6(6) Def: 1 Gold: 188 Moves: 2008 Dungeon seed: qCBFwjbpOJbyWJAP Game ID: FIQ_1623913452 Your Inventory: Coins $ - 188 gold pieces Weapons a - a blessed +1 quarterstaff (weapon in hands) Armor e - an uncursed +0 cloak of magic resistance (being worn) Scrolls k - an uncursed scroll of teleportation Potions l - an uncursed potion of see invisible m - an uncursed potion of gain ability Rings n - an uncursed +1 ring of searching Wands b - an uncursed wand of striking (0:6) Tools t - an uncursed blindfold Gems q - 2 uncursed worthless pieces of yellow glass Spells and supernatural/magical abilities: Name Level Category Cost Memory a - force bolt 1 attack 5pw 97% m - magic missile 2 attack 10pw 97% s - slow monster 2 enchantment 10pw 97% w - wizard lock 2 matter 17pw 97% W - pray for help -- divine ? -- Your skills at the end: Fighting Skills wands [Basic] Weapon Skills quarterstaff [Basic] Spellcasting Skills attack spells [Basic] enchantment spells [Basic] Final Attributes: You were haltingly aligned. You were magic resistant. You had infravision. You last prayed 216 turns ago. Thoth was noncommittal. You are dead. Vanquished creatures: a shrieker a gray ooze 2 little dogs a dwarf a giant bat a coyote 3 gas spores 4 hobbits 2 giant rats a green mold a red mold 2 gnomes a gecko 2 jackals 2 kobolds a goblin 7 grid bugs 3 bats 2 lichens a kobold zombie 3 newts 42 creatures vanquished. Voluntary challenges: You used a wielded weapon 6 times, starting on turn 91. You were illiterate. You never genocided any monsters. You never polymorphed an object. You never changed form. You used no wishes. You never split a pudding. You never wrote Elbereth's name. You never violated your personal moral code. Dungeon overview: The Dungeons of Doom: levels 1 to 4 Level 1 a vault a long staircase Level 2 Level 3 a potion shop, a fountain Level 4 stairs to The Gnomish Mines The Gnomish Mines: Level 5 <- You were here stairs to The Dungeons of Doom History has recorded: On T:1 you entered the Dungeons of Doom to retrieve the Amulet of Yendor! On T:541 you reached level 2 of The Dungeons of Doom. On T:786 you reached level 3 of The Dungeons of Doom. On T:1225 you reached level 4 of The Dungeons of Doom. On T:1597 you reached level 1 of The Gnomish Mines. Score breakdown: Gold: 188 ( 7743 points) Experience: 1 level ( 0 points) Exploration: 5 levels ( 10.42%) ( 8751 points) Discoveries: 0 items ( 0.00%) ( 0 points) Valuables value: (no points given unless you survive) Artifact value: 0 ( 0 points) Variety of kills: 21 monsters ( 5.53%) ( 7052 points) Turncount: 2008 turns ( -6 points) Survival: died (score multiplied by 80%) Total score: 18832 Latest messages: You feel too weak from hunger to explore. The large cat drops a dagger. You displace your large cat. You see here a dagger. You see here a hooded cloak. You see here 2 yellow gems. q - 2 yellow gems. You displace your large cat. You faint from lack of food. The jackal bites! (2x) You come to. [10 turns] You kill the jackal! You hear some noises in the distance. The fox bites! You faint from lack of food. The fox bites! (5x) The little dog is killed! The fox bites! (2x) You die... For some reason, you think that you can almost hear the Wizard laugh manically... Final status: Goodbye FIQ the Wizard, killed by a fox, while fainted from lack of food... You died in The Gnomish Mines on dungeon level 5 with 18832 points, and 188 pieces of gold, after 2008 moves. You were level 1 with a maximum of 13 hit points when you died.